 Dungeon Sprint DCSS version 0.31-a0-1511-g961fd35ebc (webtiles) character file.

Game seed: 6386741771446956816

200 Groucho the Covert (level 5, -5/28 HPs)
             Began as a Spriggan Enchanter on Dec 30, 2023.
             Was a Priest of Sif Muna.
             Slain by a fire bat (8 damage)
             ... in the Dungeon (Sprint VII: "The Pits").
             The game lasted 00:03:17 (377 turns).

Groucho the Covert (Spriggan Enchanter)              Turns: 377, Time: 00:03:17

Health: -5/28      AC:  2    Str:  4    XL:     5   Next: 48%
Magic:  8/14       EV: 17    Int: 18    God:    Sif Muna [***...]
Gold:   0          SH:  0    Dex: 16    Spells: 13/15 levels left

rFire   . . .        a - +2 dagger (venom)
rCold   . . .        (no shield)
rNeg    . . .        b - +0 robe
rPois   .            (helmet restricted)
rElec   .            (no cloak)
rCorr   .            (gloves unavailable)
SInv    +            (boots unavailable)
Will    .....        (no amulet)
Stlth   ++++         (no ring)
HPRegen 0.24/turn    (no ring)
MPRegen 0.14/turn

%: no teleportation
@: very slightly contaminated, very quick
A: very small, no large weapons, unfitting armour, see invisible, speed 3
a: Renounce Religion, Channel Magic, Forget Spell


You were in the Dungeon.
You worshipped Sif Muna.
Sif Muna was most pleased with you.
You visited 1 branch

Inventory:

Hand Weapons
 a - a +2 dagger of venom (weapon)
Armour
 b - a +0 robe (worn)
Scrolls
 i - a scroll of blinking
 j - 2 scrolls of vulnerability
 k - 5 scrolls of amnesia
 l - a scroll of butterflies
Potions
 c - 3 potions of invisibility
 d - 6 potions of curing
 e - 6 potions of heal wounds
 f - a potion of haste
 g - 4 potions of magic
 h - 3 potions of berserk rage


   Skills:
 + Level 3.0 Fighting
 + Level 4.5 Short Blades
 - Level 2.6 Dodging
 * Level 10.1 Stealth
 + Level 5.5 Spellcasting
 * Level 4.0 Conjurations
 + Level 6.0 Hexes


You had 13 spell levels left.
You knew the following spells:

 Your Spells              Type           Power      Damage    Failure   Level
a - Ensorcelled Hibernat  Hex/Ice        30%        N/A       5%          2

Your spell library contained the following spells:

 Spells                   Type           Power      Damage    Failure   Level
 Confusing Touch          Hex            26%        N/A       3%          3
 Tukima's Dance           Hex            26%        N/A       3%          3
 Dazzling Flash           Conj/Hex       46%        N/A       4%          3


Dungeon Overview and Level Annotations

Branches:
Dungeon (1/1)

Altars:
Ashenzari
Cheibriados
Dithmenos
Elyvilon
Fedhas
Gozag
Hepliaklqana
Kikubaaqudgha
Makhleb
Nemelex Xobeh
Okawaru
Qazlal
Ru
Sif Muna
Trog
Uskayaw
Vehumet
Wu Jian
Xom
Yredelemnul
Zin
The Shining One
Jiyva
Lugonu


Innate Abilities, Weirdness & Mutations

You are very small and have problems with some larger weapons.
You are too small for most types of armour.
You have supernaturally acute eyesight. (SInv)
You cover ground extremely quickly. (Speed+++)


Message History

You barely miss the quasit.
The quasit is severely wounded.
Things that are here:
a +0 club; 4 poisoned darts You hit the quasit but do no damage.
The quasit is severely wounded.
The quasit barely misses you.
The quasit claws you but does no damage. x2
You hit the quasit.
The quasit looks even sicker.
The quasit is almost dead.
You catch the helpless quasit completely off-guard!
You impale the quasit!!
You kill the quasit!
Sif Muna accepts your kill.
Your Fighting skill increases to level 3!
Your Stealth skill increases to level 10!
Your Conjurations skill increases to level 4!
Your Hexes skill increases to level 6!
Unknown command.
Unknown command.
There is an open door here.
You flicker for a moment.
The fire bat barely misses you.
You hit the fire bat.
The fire bat is poisoned.
The fire bat is lightly wounded.
The fire bat closely misses you. The fire bat misses you.
The fire bat bites you.
You are engulfed in flames.
You hit the fire bat but do no damage.
The fire bat is lightly wounded.
The fire bat bites you.
You are engulfed in flames!
* * * LOW HITPOINT WARNING * * *
Unknown command.
There is an open door here.
You barely miss the fire bat.
The fire bat is lightly wounded.
You flicker back into view.
The fire bat bites you.
* * * LOW HITPOINT WARNING * * *
You are engulfed in flames!
You die...

#'#####'#####.....
#.#†..#÷#[[##.....
#.#...#.#))#####'#
#.#...'÷#))##.....
#†##'####))##.....
#)#.....#..##.....
#.#.....#'###...<.
#.#........##.....
#@#........##.....
#b###########.....
#......5# ######
#..#.#..# #.##.#
.# #....b #
#.##.## #..#.#
#.....


You could see a fire bat (very poisoned).

Vanquished Creatures
  An ogre (D)
  A kobold brigand (D)
  A quasit (D)
  An adder (D)
  An adder skeleton (D)
  A bat skeleton (D)
  A giant cockroach (D)
  A hobgoblin (D)
  2 ball pythons (D)
  2 frilled lizards (D)
  A kobold (D)
13 creatures vanquished.

Notes
Turn   | Place    | Note
-------+----------+-------------------------------------------
     0 | D        | Groucho the Spriggan Enchanter began the quest for the Orb.
     0 | D        | Reached XP level 1. HP: 9/9 MP: 5/5
    12 | D        | Reached skill level 5 in Stealth
    36 | D        | Found a glowing golden altar of the Shining One.
    36 | D        | Found a glowing silver altar of Zin.
    36 | D        | Found a basalt altar of Yredelemnul.
    36 | D        | Found a shimmering altar of Xom.
    36 | D        | Found an ornate altar of the Wu Jian Council.
    36 | D        | Found a bloodstained altar of Trog.
    36 | D        | Found a shimmering blue altar of Sif Muna.
    36 | D        | Found a sacrificial altar of Ru.
    36 | D        | Found a stormy altar of Qazlal.
    36 | D        | Found an iron altar of Okawaru.
    36 | D        | Found a sparkling altar of Nemelex Xobeh.
    36 | D        | Found a burning altar of Makhleb.
    36 | D        | Found a viscous altar of Jiyva.
    36 | D        | Found a hazy altar of Hepliaklqana.
    36 | D        | Found an opulent altar of Gozag.
    36 | D        | Found a blossoming altar of Fedhas.
    36 | D        | Found a white marble altar of Elyvilon.
    36 | D        | Found a shadowy altar of Dithmenos.
    36 | D        | Found a snail-covered altar of Cheibriados.
    37 | D        | Found a radiant altar of Vehumet.
    37 | D        | Found a corrupted altar of Lugonu.
    38 | D        | Found an ancient bone altar of Kikubaaqudgha.
    38 | D        | Found a hide-covered altar of Uskayaw.
    38 | D        | Found a broken altar of Ashenzari.
    39 | D        | Became a worshipper of Sif Muna the Loreminder
    54 | D        | Reached * piety under Sif Muna
    55 | D        | Reached skill level 6 in Stealth
    55 | D        | Reached skill level 1 in Conjurations
    55 | D        | Reached XP level 2. HP: 14/14 MP: 7/7
    73 | D        | Learned a level 2 spell: Ensorcelled Hibernation
    79 | D        | Noticed an ogre
   125 | D        | Killed an ogre
   125 | D        | Reached ** piety under Sif Muna
   126 | D        | Reached skill level 8 in Stealth
   126 | D        | Reached skill level 5 in Hexes
   126 | D        | Reached XP level 3. HP: 18/18 MP: 0/10
   126 | D        | Reached XP level 4. HP: 23/23 MP: 0/11
   328 | D        | Noticed a kobold brigand
   329 | D        | Noticed a fire bat
   345 | D        | Reached *** piety under Sif Muna
   350 | D        | Killed a kobold brigand
   351 | D        | Reached skill level 9 in Stealth
   351 | D        | Reached skill level 5 in Spellcasting
   351 | D        | Reached XP level 5. HP: 24/28 MP: 5/13
   363 | D        | Reached skill level 10 in Stealth
   377 | D        | Slain by a fire bat

Illustrated notes

Levels and vault maps discovered:
D:        pitsprint [storerooms_1, entrance_room_1, metal_vault_6, armoury_2,
          mini_pit_1, grid_room_1, main_hall_1, silver_pit, the_coven_3,
          the_vestibule_1, steel_vault_3, golden_pit, hallway_of_sentries,
          crystal_vault_2, iron_vault_5, final_vault]

Skill      XL: |  1  2  3  4  5 |
---------------+----------------+-----
Stealth        | 6 8 9 10 | 10.1
Spellcasting   | 3 4 5 |  5.5
Hexes          | 4 5 6 |  6.0
Short Blades   | 2 3 4 |  4.5
Conjurations   | 1 2 3 4 |  4.0
Fighting       | 2 3 |  3.0
Dodging        | |  2.6

Action                     |  1- 3 |  4- 6 || total
---------------------------+-------+-------++-------
  Melee: Dagger            |     9 |    23 ||    32
   Cast: Ensorcelled Hiber |     5 |     6 ||    11
    Use: Potion            |       |     1 ||     1
   Stab: Sleeping          |     6 |     3 ||     9
         Invisible         |       |     1 ||     1
 Armour: Robe              |       |    14 ||    14
  Dodge: Dodged            |     3 |    40 ||    43

Table legend: (Time is in decaauts)
 A = Elapsed time spent in this place.
 B = Non-inter-level travel time spent in this place.
 C = Inter-level travel time spent in this place.
 D = Time resting spent in this place.
 E = Time spent auto-exploring this place.
 F = Levels seen in this place.
 G = Mean time per level.
                   A        B        C        D        E       F      G
               +--------+--------+--------+--------+--------+-----+--------+
         Total |    295 |    286 |      9 |    122 |      0 |   1 |  295.0 |
       Dungeon |    295 |    286 |      9 |    122 |      0 |   1 |  295.0 |
               +--------+--------+--------+--------+--------+-----+--------+

Top non-repeatable levels by time:
       D: 295 daAuts
